 Dungeon Sprint DCSS version 0.31-a0-369-g8eba5f6939 (webtiles) character file.

Game seed: 7588693929397719242

1288 rocky1 the Blocker (level 8, 0/71 HPs)
             Began as a Formicid Fighter on July 28, 2023.
             Was a Believer of Cheibriados.
             Slain by a two-headed ogre
             ... wielding a +0 giant club
              (11 damage)
             ... in the Dungeon (Sprint IX: "|||||||||||||||||||||||||||||").
             The game lasted 00:01:22 (457 turns).

rocky1 the Blocker (Formicid Fighter)                Turns: 457, Time: 00:01:22

Health: 0/71       AC: 10    Str: 33    XL:     8   Next: 85%
Magic:  8/8        EV: 13    Int: 12    God:    Cheibriados [**....]
Gold:   0          SH:  7    Dex: 17    Spells: 7/7 levels left

rFire   . . .        a - +0 flail
rCold   . . .        c - +0 buckler
rNeg    . . .        o - +2 ring mail
rPois   .            (helmet unavailable)
rElec   .            l - +0 cloak
rCorr   .            (no gloves)
SInv    +            (no boots)
Will    .....        (no amulet)
Stlth   +            n - +3 ring of strength
HPRegen 0.31/turn    m - +3 ring of strength
MPRegen 0.11/turn

%: no passive effects
@: very slow
A: permanent stasis, dig shafts and tunnels, antennae 3, four strong arms
a: Dig, Renounce Religion, Bend Time


You were in the Dungeon.
You worshipped Cheibriados.
Cheibriados was pleased with you.
You visited 1 branch

Inventory:

Hand Weapons
 a - a +0 flail (weapon)
Armour
 c - a +0 buckler (worn)
 l - a +0 cloak (worn)
 o - a +2 ring mail (worn)
Jewellery
 m - a +3 ring of strength (right hand)
 n - a +3 ring of strength (left hand)
Wands
 k - a wand of acid (7)
Scrolls
 h - 2 scrolls of blinking
 j - 2 scrolls of amnesia
Potions
 d - a potion of might
 e - 5 potions of curing
 f - a potion of invisibility
 g - 4 potions of magic
 i - 2 potions of heal wounds


   Skills:
 + Level 9.1 Fighting
 + Level 10.6 Maces & Flails
 + Level 10.2 Armour
 + Level 4.5 Dodging
 + Level 11.6 Shields
 + Level 2.0 Evocations


You had 7 spell levels left.
You didn't know any spells.
Your spell library was empty.

Dungeon Overview and Level Annotations

Branches:
Dungeon (1/1)

Altars:
Cheibriados
Dithmenos
Elyvilon
Fedhas
Gozag
Hepliaklqana
Kikubaaqudgha
Makhleb
Nemelex Xobeh
Okawaru
Qazlal
Ru
Sif Muna
Trog
Uskayaw
Vehumet
Wu Jian
Xom
Yredelemnul
Zin
The Shining One
Jiyva
Lugonu


Innate Abilities, Weirdness & Mutations

You cannot be hasted, slowed, berserked, paralysed or teleported.
You can dig through walls and to a lower floor.
You have a pair of large antennae on your head. (SInv)
Your four strong arms can wield two-handed weapons with a shield.


Message History

The two-headed ogre completely misses you.
Unknown command.
You sock the two-headed ogre!
The two-headed ogre is almost dead.
The two-headed ogre barely misses you. The two-headed ogre closely misses you.
You hit the two-headed ogre.
You kill the two-headed ogre!
Cheibriados thoroughly appreciates the change of pace.
You can now bend time to slow others.
Cheibriados raises the support of your attributes as your movement slows. x2
The gargoyle hurls a stone arrow at you.
The stone arrow hits you!
Your Fighting skill increases to level 8!
Your Maces & Flails skill gained 3 levels and is now at level 10!
Your Armour skill increases to level 9!
Your Dodging skill increases to level 4!
Your Shields skill gained 2 levels and is now at level 11!
You have reached level 8!
You feel stronger. The gargoyle hits you with a +0 flail!
The gargoyle hurls a stone arrow at you.
The stone arrow misses you.
There is an open door to the Dungeon, spattered with blood here.
Things that are here:
a +0 giant spiked club; a +0 giant club You bludgeon the gargoyle!!
You destroy the gargoyle!
Cheibriados thoroughly appreciates the change of pace.
Cheibriados raises the support of your attributes as your movement slows.
Your Fighting skill increases to level 9!
Your Armour skill increases to level 10!
Your Evocations skill increases to level 2!
You hit the two-headed ogre.
The two-headed ogre is moderately wounded.
You hit the two-headed ogre.
The two-headed ogre is moderately wounded.
The two-headed ogre hits you with a +0 giant club!
* * * LOW HITPOINT WARNING * * *
The two-headed ogre hits you with a +0 giant club!
You die...

▓+▓
▓.▓
▓.▓
▓.▓
▓.▓
▓l▓
▓O▓
▓@▓
▓.▓
▓.▓
{
▓[▓
{
▓[▓
{
▓.▓
{
▓.▓
{
▓)▓
{
▓.▓
{


You could see a two-headed ogre (corroded) and a wyvern.

Vanquished Creatures
  A two-headed ogre (D)
  A gargoyle (D)
  2 yaks (D)
  A scorpion (D)
  A hound (D)
  An iguana (D)
  2 adders (D)
  A kobold (D)
  A ball python (D)
  3 bats (D)
14 creatures vanquished.

Notes
Turn   | Place    | Note
-------+----------+-------------------------------------------
     0 | D        | rocky1 the Formicid Fighter began the quest for the Orb.
     0 | D        | Reached XP level 1. HP: 18/18 MP: 1/1
    22 | D        | Noticed a scorpion
    22 | D        | Noticed an iguana
    22 | D        | Noticed a hound
    30 | D        | Reached skill level 5 in Shields
    30 | D        | Reached XP level 2. HP: 18/25 MP: 2/2
    53 | D        | Reached skill level 5 in Armour
    53 | D        | Reached skill level 6 in Shields
    53 | D        | Reached XP level 3. HP: 19/31 MP: 3/3
    60 | D        | Reached skill level 1 in Dodging
    60 | D        | Reached XP level 4. HP: 18/38 MP: 4/4
    64 | D        | Reached skill level 5 in Fighting
    68 | D        | Killed a scorpion
    69 | D        | Reached skill level 5 in Maces & Flails
    69 | D        | Reached skill level 7 in Shields
    69 | D        | Reached XP level 5. HP: 18/46 MP: 5/5
   376 | D        | Found a snail-covered altar of Cheibriados.
   376 | D        | Found a shadowy altar of Dithmenos.
   376 | D        | Found a white marble altar of Elyvilon.
   376 | D        | Found a blossoming altar of Fedhas.
   376 | D        | Found an opulent altar of Gozag.
   377 | D        | Found a hazy altar of Hepliaklqana.
   378 | D        | Found a viscous altar of Jiyva.
   379 | D        | Found an ancient bone altar of Kikubaaqudgha.
   380 | D        | Became a worshipper of Cheibriados the Contemplative
   381 | D        | Found a corrupted altar of Lugonu.
   382 | D        | Found a burning altar of Makhleb.
   383 | D        | Found a sparkling altar of Nemelex Xobeh.
   384 | D        | Found an iron altar of Okawaru.
   385 | D        | Found a stormy altar of Qazlal.
   386 | D        | Found a sacrificial altar of Ru.
   387 | D        | Found a shimmering blue altar of Sif Muna.
   388 | D        | Found a bloodstained altar of Trog.
   389 | D        | Found a hide-covered altar of Uskayaw.
   390 | D        | Found a radiant altar of Vehumet.
   391 | D        | Found an ornate altar of the Wu Jian Council.
   392 | D        | Found a shimmering altar of Xom.
   393 | D        | Found a basalt altar of Yredelemnul.
   394 | D        | Found a glowing silver altar of Zin.
   395 | D        | Found a glowing golden altar of the Shining One.
   445 | D        | Noticed a wyvern
   445 | D        | Noticed a two-headed ogre
   445 | D        | Noticed a gargoyle
   445 | D        | Noticed a yak
   445 | D        | Noticed a two-headed ogre
   445 | D        | Noticed a yak
   448 | D        | Killed a yak
   449 | D        | Reached skill level 9 in Shields
   449 | D        | Reached XP level 6. HP: 43/53 MP: 6/6
   450 | D        | Killed a yak
   451 | D        | Reached skill level 1 in Evocations
   451 | D        | Reached XP level 7. HP: 49/60 MP: 7/7
   453 | D        | Killed a two-headed ogre
   453 | D        | Reached * piety under Cheibriados
   454 | D        | Reached skill level 10 in Maces & Flails
   454 | D        | Reached skill level 11 in Shields
   454 | D        | Reached XP level 8. HP: 39/69 MP: 8/8
   455 | D        | Killed a gargoyle
   455 | D        | Reached ** piety under Cheibriados
   456 | D        | Reached skill level 10 in Armour
   457 | D        | Slain by a two-headed ogre

Illustrated notes

Levels and vault maps discovered:
D:        linesprint [early_d, line_temple, items_1, d_10, items_2, lair_1,
          lair_end, items_3, orc_1, orc_end, items_4, d_15, swamp_1, shoals_1,
          snake_1, spider_1, d_20, vaults_1, items_5, swamp_end, shoals_end,
          snake_end, spider_end, vaults_end, d_27, items_6, zot_1, zot_end,
          crypt_end, forest_end, elf_end, slime_end, tomb_end, abyss_end,
          pan_hell_end]

Skill      XL: |  1  2  3  4  5  6  7  8 |
---------------+-------------------------+-----
Fighting       | 4 5 6 7 8 9 |  9.1
Armour         | 4 5 6 7 8 9 10 | 10.2
Shields        | 5 6 7 9 11 | 11.6
Maces & Flails | 3 5 6 7 10 | 10.6
Dodging        | 1 2 3 4 |  4.5
Evocations     | 1 2 |  2.0

Action                     |  1- 3 |  4- 6 |  7- 9 || total
---------------------------+-------+-------+-------++-------
  Melee: Flail             |    48 |    11 |     6 ||    65
  Evoke: Wand              |       |     3 |       ||     3
    Use: Potion            |     1 |       |       ||     1
 Armour: Scale mail        |    24 |     3 |       ||    27
         Ring mail         |       |     1 |       ||     1
  Dodge: Dodged            |    21 |     5 |     5 ||    31
  Block: Buckler           |    24 |     2 |       ||    26

Table legend: (Time is in decaauts)
 A = Elapsed time spent in this place.
 B = Non-inter-level travel time spent in this place.
 C = Inter-level travel time spent in this place.
 D = Time resting spent in this place.
 E = Time spent auto-exploring this place.
 F = Levels seen in this place.
 G = Mean time per level.
                   A        B        C        D        E       F      G
               +--------+--------+--------+--------+--------+-----+--------+
         Total |    483 |    483 |      0 |    301 |      0 |   1 |  483.0 |
       Dungeon |    483 |    483 |      0 |    301 |      0 |   1 |  483.0 |
               +--------+--------+--------+--------+--------+-----+--------+

Top non-repeatable levels by time:
       D: 483 daAuts
